 Dungeon Crawl Stone Soup version 0.27.1-2-g3b301248ec (webtiles) character file.

Game seed: 10660765758867896987

47 Borgoz the Ruffian (level 3, 0/33 HPs)
             Began as a Ghoul Monk on Sept 24, 2021.
             Slain by a gnoll (2 damage)
             ... on level 1 of the Dungeon.
             The game lasted 00:01:32 (1548 turns).

Borgoz the Ruffian (Ghoul Monk)                     Turns: 1548, Time: 00:01:33

Health: 0/33       AC:  3    Str: 14    XL:     3   Next: 70%
Magic:  2/2        EV: 12    Int:  5    God:
Gold:   120        SH:  0    Dex: 12    Spells: 2/2 levels left

rFire    . . .     SeeInvis .     - Unarmed
rCold    + . .     Faith    .   (no shield)
rNeg     + + +     Spirit   .   a - +0 robe
rPois    ∞         Reflect  .   (no helmet)
rElec    .         Harm     .   e - +0 cloak
rCorr    .         Rampage  .   (no gloves)
Will     .....                  (no boots)
Stlth    ++........             (no amulet)
HPRegen  0.00/turn              (no ring)
MPRegen  0.08/turn              (no ring)

@: inhibited regen
A: claws 1, cold resistance 1, negative energy resistance 3, inhibited
regeneration, torment resistance 2
a: no special abilities


You were on level 1 of the Dungeon.
You visited 1 branch of the dungeon, and saw 2 of its levels.

You collected 120 gold pieces.

Inventory:

Armour
 a - a +0 robe (worn)
 e - a +0 cloak (worn)
Scrolls
 c - 3 scrolls of teleportation {unknown}
 d - a scroll of immolation {unknown}
 g - a scroll of blinking {unknown}
 h - a scroll of enchant weapon {unknown}
 i - a scroll of torment {unknown}


   Skills:
 + Level 3.8 Fighting
 + Level 1.2 Armour
 + Level 3.1 Dodging
 - Level 2.1 Stealth
 + Level 3.8 Unarmed Combat


You had 2 spell levels left.
You didn't know any spells.
Your spell library contained the following spells:

 Spells                   Type           Power      Damage    Failure   Level
 Portal Projectile        Hex/Tloc       0%         N/A       85%         3
 Excruciating Wounds      Necr           0%         N/A       100%        5
 Blade Hands              Tmut           Unusable   N/A       N/A         5

Dungeon Overview and Level Annotations

Branches:
Dungeon (2/15)

Altars:

Shops:
D:1 *   D:2 ?


Innate Abilities, Weirdness & Mutations

You thrive by killing the living.
You are immune to poison.
You have sharp fingernails.
Your flesh is cold resistant. (rC+)
You are immune to negative energy. (rN+++)
You do not regenerate when monsters are visible.
You are immune to unholy pain and torment.


Message History

You scratch the gnoll but do no damage.
The gnoll hits you with a +0 vorpal spear.
The gnoll misses you.
You scratch the gnoll.
The gnoll is lightly wounded.
The gnoll hits you with a +0 vorpal spear.
The gnoll hits you with a +0 halberd.
* * * LOW HITPOINT WARNING * * *
You are too injured to fight recklessly!
You are too injured to fight recklessly!
It was a potion of heal wounds.
You feel much better.
The gnoll hits you with a +0 vorpal spear.
The gnoll barely misses you.
You scratch the gnoll but do no damage.
The gnoll hits you with a +0 vorpal spear.
The gnoll barely misses you.
Throw: throwing net
Press: ? - help, Q - select action Shift-Dir - straight line, f - gnoll
Aim: a gnoll, wielding a +0 vorpal spear (61% to hit)
You throw a throwing net.
The throwing net closely misses the gnoll.
The gnoll hits you but does no damage. The gnoll closely misses you.
You scratch the gnoll but do no damage.
The gnoll is lightly wounded.
The gnoll barely misses you. x2
You scratch the gnoll.
The gnoll is heavily wounded.
The gnoll hits you with a +0 vorpal spear.
The gnoll barely misses you.
You scratch the gnoll.
The gnoll is almost dead.
The gnoll misses you. The gnoll hits you with a +0 halberd!
* * * LOW HITPOINT WARNING * * *
You scratch the gnoll but do no damage.
The gnoll is almost dead.
You scratch the gnoll.
You kill the gnoll!
The gnoll hits you with a +0 vorpal spear.
* * * LOW HITPOINT WARNING * * *
You die...

#.# #......# #... #(#
######## #.## #.# #.#
#.# ###########.# #.#
#...........# #.#
#.#########.## #.#
#.≈≈≈≈≈≈≈≈≈≈≈≈
#g###.≈..8........
######@(...≈.##########
#....)..##.≈8#.....<...
#.......'..≈.######''##
#.......##.≈.#.........
#[......##.≈.#§§§≈≈..≈≈
#.......##.≈.#§≈≈≈≈..≈≈
##########.≈.#.......§.
#.≈.######''##
#.≈.#≈≈≈≈≈..≈≈


You could see a gnoll.

Vanquished Creatures
  2 gnolls (D:1)
  A worm (D:2)
  A dart slug (D:1)
  A ball python (D:2)
  2 endoplasms (D:1)
  4 goblins
  6 hobgoblins
  3 kobolds
  A quokka (D:1)
  5 bats
  A frilled lizard (D:1)
  3 rats
30 creatures vanquished.

Notes
Turn   | Place    | Note
-------+----------+-------------------------------------------
     0 | D:1      | Borgoz the Ghoul Monk began the quest for the Orb.
     0 | D:1      | Reached XP level 1. HP: 19/19 MP: 0/0
   122 | D:1      | Found Gagakhles's General Store.
   157 | D:1      | Reached XP level 2. HP: 22/26 MP: 1/1
   483 | D:1      | Found a faded altar of an unknown god.
   609 | D:1      | Reached skill level 1 in Armour
   609 | D:1      | Reached XP level 3. HP: 24/33 MP: 2/2
   727 | D:1      | You fall into a shaft and drop 1 floor!
  1536 | D:2      | Found Jylaaceel's Magic Scroll Shop.
  1548 | D:1      | Slain by a gnoll

Illustrated notes

Levels and vault maps discovered:
D:1:      lightli_arrival_isolated_outpost, layout_basic,
          basic_ecumenical_altar, serial_shops, shop
D:2:      layout_basic, serial_shops, shop

Skill      XL: |  1  2 |
---------------+-------+-----
Armour         | 1 |  1.2
Dodging        | 3 |  3.1
Fighting       | |  3.8
Stealth        | |  2.1
Unarmed Combat | |  3.8

Action                   || total
-------------------------++-------
Melee: Unarmed           ||   121
       Punch             ||     2
Throw: Throwing net      ||     1
  Use: Potion            ||     1
 Stab: Sleeping          ||     3
Armor: Robe              ||    26
Dodge: Dodged            ||    72
